 Dungeon Crawl Stone Soup version 0.29-a0-321-gf1c400731a (webtiles) character file.

Game seed: 3486884845099131744

102 Morbidden the Skirmisher (level 4, 0/35 HPs)
             Began as a Demonspawn Fighter on Apr 3, 2022.
             Frozen to death by an endoplasm (5 damage)
             ... on level 2 of the Dungeon.
             The game lasted 00:01:28 (1279 turns).

Morbidden the Skirmisher (Demonspawn Fighter)       Turns: 1279, Time: 00:01:28

Health: 0/35       AC:  6    Str: 19    XL:     4   Next: 49%
Magic:  14/14      EV: 14    Int:  9    God:
Gold:   93         SH:  5    Dex: 14    Spells: 4/4 levels left

rFire   . . .      SeeInvis .   a - +0 war axe
rCold   . . .      Faith    .   c - +0 buckler
rNeg    . . .      Spirit   .   b - +0 scale mail
rPois   .          Reflect  .   (no helmet)
rElec   .          Harm     .   (no cloak)
rCorr   +          Rampage  .   (no gloves)
Will    .....                   (no boots)
Stlth   +.........              e - amulet of magic regeneration
HPRegen 0.11/turn               l - ring of magical power
MPRegen 0.54/turn               m - ring of resist corrosion

@: agile
A: thin skeletal structure 1, powered by pain 2
a: no special abilities


You were on level 2 of the Dungeon.
You visited 1 branch of the dungeon, and saw 2 of its levels.

You collected 93 gold pieces.

Inventory:

Hand Weapons
 a - a +0 war axe (weapon)
Missiles
 f - a throwing net (quivered)
 n - 2 boomerangs
Armour
 b - a +0 scale mail (worn)
 c - a +0 buckler (worn)
Jewellery
 e - an amulet of magic regeneration (around neck)
 l - a ring of magical power (left hand)
 m - a ring of resist corrosion (right hand)
Scrolls
 h - a scroll of enchant armour {unknown}
 i - a scroll of identify {unknown}
 j - a scroll of fog {unknown}
 q - a scroll of immolation {unknown}
Potions
 d - a potion of might
 g - a potion of ambrosia {unknown}
 k - a potion of heal wounds {unknown}
 o - a potion of resistance {unknown}
 p - a potion of curing {unknown}
 r - a potion of lignification {unknown}


   Skills:
 * Level 3.4 Fighting
 * Level 3.1 Axes
 + Level 3.0 Armour
 * Level 0.8 Dodging
 + Level 2.9 Shields
 * Level 0.9 Spellcasting


You had 4 spell levels left.
You didn't know any spells.
Your spell library was empty.

Dungeon Overview and Level Annotations

Branches:
Dungeon (2/15)

Altars:


Innate Abilities, Weirdness & Mutations

You have a somewhat thin skeletal structure. (Dex +2, Stealth+)
You sometimes gain power by taking damage.


Message History

You closely miss the shadow imp. Natasha closely misses you.
The shadow imp hits you but does no damage.
Natasha completely misses you.
Unknown command.
You barely miss Natasha.
Natasha is moderately wounded.
You hit the shadow imp but do no damage.
The shadow imp barely misses you. Natasha claws you.
Unknown command.
You are too injured to fight recklessly!
You are too injured to fight recklessly!
You hit Natasha.
Natasha is heavily wounded.
You hit the shadow imp. The shadow imp gestures at you.
Pain shoots through your body!
* * * LOW HITPOINT WARNING * * *
You block Natasha's attack. The shadow imp hits you.
* * * LOW HITPOINT WARNING * * *
You slash Natasha!
You kill Natasha!
Natasha screams in fury as she dies!
The shadow imp disappears in a puff of smoke!
Your Axes skill increases to level 3!
Found a scroll labelled ROUX FOTYAWAW.
The endoplasm quivers.
Unknown command.
An endoplasm comes into view.
The endoplasm quivers.
Unknown command.
The endoplasm jiggles.
The endoplasm jiggles.
The endoplasm hits you but does no damage.
You hit the endoplasm.
You kill the endoplasm!
You hit the endoplasm.
The endoplasm is almost dead.
The endoplasm freezes you.
You are frozen.
You die...

.......# #.#..## .# .......#
#.#...##.#
#......#######.#....... . #.....
................ #. #...#
####....†..#.#.# #.#########...#
#.####..#...# #.............# ...
###.#....
.......).##..############.......#
.........##....J@...........#..##
.........###+############.###...#
.........(?... #.# #.#.#
.............. #.# #.#..
............... ##'###+##.
............... ..######.........
.........###... .......'.........
.......... .## ########.....)...
........... #.....†..#


You could see an endoplasm.

Vanquished Creatures
  Natasha (twice) (D:2)
  An adder (D:2)
  A dart slug (D:2)
  3 orcs (D:2)
  A ball python (D:2)
  3 endoplasms
  4 goblins
  A hobgoblin (D:2)
  7 jackals
  3 bats
  3 frilled lizards
  5 kobolds
  A rat (D:2)
35 creatures vanquished.

Notes
Turn   | Place    | Note
-------+----------+-------------------------------------------
     0 | D:1      | Morbidden the Demonspawn Fighter began the quest for the
                  | Orb.
     0 | D:1      | Reached XP level 1. HP: 18/18 MP: 1/1
   262 | D:1      | Gained mutation: You sometimes gain a little power by
                  | taking damage. [demonic ancestry]
   262 | D:1      | Reached XP level 2. HP: 16/24 MP: 2/2
   741 | D:2      | Gained mutation: You have a somewhat thin skeletal
                  | structure. (Dex +2, Stealth+) [demonic ancestry]
   741 | D:2      | Reached XP level 3. HP: 28/29 MP: 3/3
   996 | D:2      | Noticed Natasha
  1004 | D:2      | Killed Natasha
  1205 | D:2      | Gained mutation: You sometimes gain power by taking damage.
                  | [demonic ancestry]
  1205 | D:2      | Reached XP level 4. HP: 35/35 MP: 5/5
  1250 | D:2      | Noticed Natasha
  1261 | D:2      | Killed Natasha
  1279 | D:2      | Frozen to death by an endoplasm

Illustrated notes

Levels and vault maps discovered:
D:1:      mrwooster_arrival_statue_3, layout_basic, minmay_misc_feat_diagonals
D:2:      layout_basic, minmay_tromino_v4_c, uniq_natasha

Skill      XL: |  1  2  3  4 |
---------------+-------------+-----
Axes           | 2 3 |  3.1
Armour         | 3 |  3.0
Fighting       | |  3.4
Dodging        | |  0.8
Shields        | |  2.9
Spellcasting   | |  0.9

Action                   |  1- 3 |  4- 6 || total
-------------------------+-------+-------++-------
Melee: War axe           |    67 |    18 ||    85
Armor: Scale mail        |    34 |     6 ||    40
Dodge: Dodged            |    35 |    15 ||    50
Block: Buckler           |    15 |     6 ||    21

Table legend: (Time is in decaauts)
 A = Elapsed time spent in this place.
 B = Non-inter-level travel time spent in this place.
 C = Inter-level travel time spent in this place.
 D = Time resting spent in this place.
 E = Time spent auto-exploring this place.
 F = Levels seen in this place.
 G = Mean time per level.
                   A        B        C        D        E       F      G
               +--------+--------+--------+--------+--------+-----+--------+
         Total |   1321 |   1314 |      7 |      7 |   1053 |   2 |  660.5 |
       Dungeon |   1321 |   1314 |      7 |      7 |   1053 |   2 |  660.5 |
               +--------+--------+--------+--------+--------+-----+--------+

Top non-repeatable levels by time:
     D:1: 720 daAuts
     D:2: 600 daAuts
